 Dungeon Crawl Stone Soup version 0.20-a0-540-ge6d1839 (webtiles) character file.

347 tsouns the Poker (level 6, 0/45 HPs)
             Began as an Octopode Berserker on Jan 29, 2017.
             Was a Priest of Trog.
             Slain by a crimson imp
             ... wielding a +0 dagger of chaos
              (2 damage)
             ... while paralysed by a crimson imp
             ... on level 3 of the Dungeon.
             The game lasted 00:06:27 (2030 turns).

tsouns the Poker (Octopode Berserker)               Turns: 2030, Time: 00:06:27

Health: 0/45       AC:  1    Str: 18    XL:     6   Next: 59%
Magic:  6/6        EV:  2    Int:  9    God:    Trog [***...]
Gold:   124        SH:  0    Dex: 12    Spells: 5/5 levels left

rFire    . . .     SeeInvis .   q - +0 halberd (curse)
rCold    . . .     Gourm    .   (shield currently unavailable)
rNeg     . . .     Faith    .   (helmet restricted)
rPois    .         Spirit   .   (no amulet)
rElec    .         Reflect  .   f - ring of resist corrosion
rCorr    +         Harm     .   (no ring)
MR       ++...                  (no ring)
Stlth    ++........             (no ring)
Regen    1.2/turn               (no ring)
                                (no ring)
                                (no ring)
                                (no ring)

@: paralysed, regenerating
A: almost no armour, stealthy swim, amphibious, 8 rings, constrict 8, camouflage
1, gelatinous body 1
a: Berserk, Trog's Hand, Burn Spellbooks, Renounce Religion


You were on level 3 of the Dungeon.
You worshipped Trog.
Trog was most pleased with you.
You were not hungry.

You visited 1 branch of the dungeon, and saw 3 of its levels.

You collected 124 gold pieces.

Inventory:

Hand Weapons
 a - a +0 spear
 m - a cursed +0 hunting sling
 q - a cursed +0 halberd (weapon)
Missiles
 i - 59 stones (quivered)
 p - 12 sling bullets
Armour
 j - a +0 shield
Jewellery
 f - a ring of resist corrosion (left tentacle)
Wands
 r - a wand of confusion (24/48)
Scrolls
 e - 3 scrolls of immolation
 t - a scroll of enchant weapon
Potions
 c - 2 potions of berserk rage {unknown}
 g - a potion of haste {unknown}
 h - a potion of cure mutation {unknown}
 k - a potion of lignification {unknown}
 l - a potion of might {unknown}
 n - 2 potions of brilliance {unknown}
 s - 2 potions of curing {unknown}
Comestibles
 b - a bread ration
 d - 2 meat rations
 o - 3 fruits


   Skills:
 + Level 4.8 Fighting
 * Level 6.0 Polearms
 - Level 3.0 Dodging


You had 5 spell levels left.
You didn't know any spells.

Dungeon Overview and Level Annotations

Branches:
Dungeon (3/15)

Altars:
Xom


Innate Abilities, Weirdness & Mutations

You cannot wear most types of armour.
You are very stealthy in the water. (Stealth+)
You are amphibious.
You can wear up to eight rings at the same time.
You can use your tentacles to constrict eight enemies at once.
Your skin changes colour to match your surroundings (Stealth+).
Your rubbery body absorbs attacks. (AC +1, EV +1)


Message History

The crimson imp closely misses you.
You closely miss the crimson imp. Your grab misses the crimson imp.
You squeeze the crimson imp.
The crimson imp is moderately wounded.
The crimson imp hits you with a dagger of chaos.
* * * LOW HITPOINT WARNING * * *
The crimson imp freezes you.
* * * LOW HITPOINT WARNING * * *
The crimson imp hits you with a dagger of chaos.
* * * LOW HITPOINT WARNING * * *
You suddenly lose the ability to move!
The crimson imp summons a swarm of flies.
The crimson imp hits you with a dagger of chaos.
* * * LOW HITPOINT WARNING * * *
The crimson imp hits you with a dagger of chaos.
* * * LOW HITPOINT WARNING * * *
The crimson imp hits you with a dagger of chaos.
* * * LOW HITPOINT WARNING * * *
The crimson imp freezes you.
You die...

## .. ####o #.... .o.
.##.##.##### ......o.))...# ..
...##.####5######.# . #.# ..
#@.......# .##..#.. #..#######
##....#..# #..###############
.........## #............#...#
.#.........#####.###........#...#
..................##........#...#
..........##....#........>..#...#
..........####...##......[..#...#
........... ..#..##........#...#


You could see a crimson imp.

Vanquished Creatures
  3 crimson imps (D:3)
  2 orc wizards (D:3)
  Ijyb (D:3)
  3 adders (D:3)
  4 gnolls (D:2)
  A worm (D:2)
  A dart slug (D:1)
  3 leopard geckos
  8 orcs (D:3)
  2 giant cockroaches
  15 goblins
  9 hobgoblins
  7 kobolds
  A quokka (D:3)
  12 bats
  6 frilled lizards
  9 rats
87 creatures vanquished.

Notes
Turn   | Place    | Note
-------+----------+-------------------------------------------
     0 | D:1      | tsouns the Octopode Berserker began the quest for the Orb.
     0 | D:1      | Reached XP level 1. HP: 16/16 MP: 1/1
   145 | D:1      | Reached XP level 2. HP: 19/21 MP: 2/2
   374 | D:1      | Reached XP level 3. HP: 24/26 MP: 3/3
   377 | D:1      | Reached ** piety under Trog
   737 | D:2      | Reached skill level 4 in Polearms
   943 | D:2      | Reached XP level 4. HP: 30/32 MP: 4/4
  1633 | D:3      | Found a shimmering altar of Xom.
  1638 | D:3      | Reached *** piety under Trog
  1638 | D:3      | Reached skill level 5 in Polearms
  1638 | D:3      | Reached XP level 5. HP: 36/37 MP: 5/5
  1652 | D:3      | Noticed Ijyb
  1665 | D:3      | Killed Ijyb
  1683 | D:3      | Reached XP level 6. HP: 39/44 MP: 6/6
  2023 | D:3      | Reached skill level 6 in Polearms
  2027 | D:3      | Paralysed by a crimson imp for 6 turns
  2030 | D:3      | HP: 2/45 [crimson imp/dagger of chaos (5)]
  2030 | D:3      | Slain by a crimson imp

Vault maps used:
D:1:      ncdulo_watergridlock, minmay_domino_4
D:3:      led_xom_imps, uniq_iyjb

Skill      XL: |  1  2  3  4  5  6 |
---------------+-------------------+-----
Polearms       | 4 5 6 |  6.0
Fighting       | 4 |  4.8
Dodging        | |  3.0

Action                   |  1- 3 |  4- 6 || total
-------------------------+-------+-------++-------
Melee: Spear             |    93 |    31 ||   124
       Constrict         |    22 |    22 ||    44
       Tentacles         |    10 |    13 ||    23
       Halberd           |       |    77 ||    77
Throw: Stone             |     4 |     3 ||     7
Invok: Berserk           |       |     1 ||     1
       Trog's Hand       |       |     1 ||     1
  Use: Scroll            |     4 |     1 ||     5
 Stab: Sleeping          |     5 |     2 ||     7
  Eat: Chunk             |       |     4 ||     4
       Fruit             |       |     1 ||     1
Armor: Skin              |     3 |     1 ||     4
Dodge: Dodged            |    28 |    45 ||    73
